| TOP OF THE 1ST |
|
Miami Marlins batting - Pitching for Chicago Cubs : RHP Ryohei Uda
|
|
Pitching: RHP Ryohei Uda
|
|
|
Batting: RHB Roger Salazar
|
0-0: Called Strike 0-1: Ball 1-1: Swinging Strike 1-2: Strikes out swinging
|
|
Batting: RHB Bert Clark
|
0-0: Fly out, F8 (Line Drive, 8LM, EV 104.4 MPH)
|
|
Batting: LHB Andre Gorter
|
0-0: Ball 1-0: Called Strike 1-1: Foul Ball, location: 2F 1-2: Foul Ball, location: 2F 1-2: Strikes out looking
|
| Top of the 1st over - 0 runs, 0 hits, 0 errors, 0 left on base; Miami 0 - Chicago 0 |
| BOTTOM OF THE 1ST |
|
Chicago Cubs batting - Pitching for Miami Marlins : RHP Oscar Banda
|
|
Pitching: RHP Oscar Banda
|
|
|
Batting: RHB David Casas
|
0-0: Ball 1-0: Called Strike 1-1: Ball 2-1: Ground out 6-3 (Groundball, 6, EV 102.5 MPH)
|
|
Batting: RHB Josh Kalman
|
0-0: Ball 1-0: Ground out 5-3 (Groundball, 56S, EV 90.6 MPH)
|
|
Batting: RHB Efrain Vargas
|
0-0: Ball 1-0: Fly out, F9 (Flyball, 9D, EV 103.8 MPH)
|
| Bottom of the 1st over - 0 runs, 0 hits, 0 errors, 0 left on base; Miami 0 - Chicago 0 |
| TOP OF THE 2ND |
|
Miami Marlins batting - Pitching for Chicago Cubs : RHP Ryohei Uda
|
|
Batting: LHB Jose Bregaro
|
0-0: Swinging Strike 0-1: Called Strike 0-2: Strikes out swinging
|
|
Batting: RHB Tony Stedman
|
0-0: Ball 1-0: Called Strike 1-1: Ball 2-1: Fly out, F8 (Flyball, 8RD, EV 86.9 MPH)
|
|
Batting: RHB Mike Gar
|
0-0: Called Strike 0-1: Called Strike 0-2: Fly out, F8 (Flyball, 8RM, EV 81.2 MPH)
|
| Top of the 2nd over - 0 runs, 0 hits, 0 errors, 0 left on base; Miami 0 - Chicago 0 |
| BOTTOM OF THE 2ND |
|
Chicago Cubs batting - Pitching for Miami Marlins : RHP Oscar Banda
|
|
Batting: LHB Kevin Norton
|
0-0: Fly out, F8 (Flyball, 89D, EV 99.4 MPH)
|
|
Batting: RHB Xavier Davis
|
0-0: Fly out, F7 (Line Drive, 7D, EV 98.1 MPH)
|
|
Batting: RHB Alan Oxenrider
|
0-0: Foul Ball, location: 2F 0-1: Ball 1-1: SINGLE (Line Drive, 9S, EV 105.0 MPH)
|
|
Batting: RHB Steve Bartman Jr.
|
0-0: Ball 1-0: Fly out, F8 (Flyball, 8LM, EV 93.1 MPH)
|
| Bottom of the 2nd over - 0 runs, 1 hit, 0 errors, 1 left on base; Miami 0 - Chicago 0 |
| TOP OF THE 3RD |
|
Miami Marlins batting - Pitching for Chicago Cubs : RHP Ryohei Uda
|
|
Batting: RHB Steve Barnard
|
0-0: Called Strike 0-1: Ball 1-1: Called Strike 1-2: Strikes out swinging
|
|
Batting: RHB Zhi-bin Ou-yang
|
0-0: Ball 1-0: SINGLE (Groundball, 3S, EV 72.5 MPH) (infield hit)
|
|
Batting: RHB Alberto Cotto
|
0-0: Called Strike 0-1: Ball 1-1: Called Strike 1-2: Ball 2-2: Strikes out swinging
|
|
Batting: RHB Roger Salazar
|
0-0: Ball 1-0: Swinging Strike 1-1: Foul Ball, location: 2F 1-2: Strikes out swinging
|
| Top of the 3rd over - 0 runs, 1 hit, 0 errors, 1 left on base; Miami 0 - Chicago 0 |
| BOTTOM OF THE 3RD |
|
Chicago Cubs batting - Pitching for Miami Marlins : RHP Oscar Banda
|
|
Batting: SHB Moe Lester
|
0-0: Called Strike 0-1: Ball 1-1: Foul Ball, location: 2F 1-2: Ball 2-2: Foul Ball, location: 2F 2-2: Strikes out looking
|
|
Batting: LHB Andy Arbuckle
|
0-0: Hit by Pitch
|
|
Batting: RHB David Casas
|
0-0: Ball 1-0: SINGLE (Line Drive, 34D, EV 103.8 MPH) Andy Arbuckle to second
|
|
Batting: RHB Josh Kalman
|
0-0: Called Strike 0-1: Ball 1-1: Ball 2-1: Foul Ball, location: 2F 2-2: Strikes out swinging
|
|
Batting: RHB Efrain Vargas
|
0-0: Ball 1-0: Swinging Strike 1-1: Fielders Choice at 2nd, 6-4 (Groundball, 6, EV 110.6 MPH)
|
| Bottom of the 3rd over - 0 runs, 1 hit, 0 errors, 2 left on base; Miami 0 - Chicago 0 |
| TOP OF THE 4TH |
|
Miami Marlins batting - Pitching for Chicago Cubs : RHP Ryohei Uda
|
|
Batting: RHB Bert Clark
|
0-0: Ground out 5-3 (Groundball, 5S, EV 87.5 MPH)
|
|
Batting: LHB Andre Gorter
|
0-0: Ball 1-0: Foul Ball, location: 2F 1-1: Ball 2-1: Ground out 4-3 (Groundball, 34D, EV 106.9 MPH)
|
|
Batting: LHB Jose Bregaro
|
0-0: Called Strike 0-1: Ball 1-1: Called Strike 1-2: Ball 2-2: Foul Ball, location: 2F 2-2: Foul Ball, location: 2F 2-2: Foul Ball, location: 2F 2-2: Ball 3-2: SINGLE (Groundball, 4M, EV 100.6 MPH) (infield hit)
|
|
Batting: RHB Tony Stedman
|
0-0: Called Strike Jose Bregaro is caught stealing 2nd base 2-4
|
| Top of the 4th over - 0 runs, 1 hit, 0 errors, 0 left on base; Miami 0 - Chicago 0 |
| BOTTOM OF THE 4TH |
|
Chicago Cubs batting - Pitching for Miami Marlins : RHP Oscar Banda
|
|
Batting: LHB Kevin Norton
|
0-0: Ball 1-0: Foul Ball, location: 2F 1-1: Foul Ball, location: 2F 1-2: Foul Ball, location: 2F 1-2: Strikes out swinging
|
|
Batting: RHB Xavier Davis
|
0-0: Foul Ball, location: 2F 0-1: Ground out 6-3 (Groundball, 6M, EV 83.8 MPH)
|
|
Batting: RHB Alan Oxenrider
|
0-0: Called Strike 0-1: Ball 1-1: SINGLE (Groundball, 56D, EV 106.2 MPH)
|
|
Batting: RHB Steve Bartman Jr.
|
0-0: Ball 1-0: Ball 2-0: Called Strike 2-1: Fielders Choice at 2nd, 5-4 (Groundball, 5, EV 90.0 MPH)
|
| Bottom of the 4th over - 0 runs, 1 hit, 0 errors, 1 left on base; Miami 0 - Chicago 0 |
| TOP OF THE 5TH |
|
Miami Marlins batting - Pitching for Chicago Cubs : RHP Ryohei Uda
|
|
Batting: RHB Tony Stedman
|
0-0: Ball 1-0: Called Strike 1-1: Ball 2-1: Called Strike 2-2: Ground out 4-3 (Groundball, 4S, EV 81.2 MPH)
|
|
Batting: RHB Mike Gar
|
0-0: Called Strike 0-1: Foul Ball, location: 2F 0-2: Strikes out swinging
|
|
Batting: RHB Steve Barnard
|
0-0: Swinging Strike 0-1: Ball 1-1: Ball 2-1: Ground out 4-3 (Groundball, 4, EV 103.1 MPH)
|
| Top of the 5th over - 0 runs, 0 hits, 0 errors, 0 left on base; Miami 0 - Chicago 0 |
| BOTTOM OF THE 5TH |
|
Chicago Cubs batting - Pitching for Miami Marlins : RHP Oscar Banda
|
|
Batting: SHB Moe Lester
|
0-0: Ball 1-0: Ball 2-0: Ball 3-0: Called Strike 3-1: Swinging Strike 3-2: SINGLE (Groundball, 3D, EV 105.6 MPH)
|
|
Batting: LHB Andy Arbuckle
|
0-0: Ball Moe Lester is caught stealing 2nd base 2-6 1-0: Ball 2-0: Called Strike 2-1: Foul Ball, location: 2F 2-2: DOUBLE (Groundball, 3L, EV 96.2 MPH)
|
|
Batting: RHB David Casas
|
0-0: Called Strike 0-1: Ball 1-1: Ball 2-1: Ground out 4-3 (Groundball, 4M, EV 104.4 MPH) Andy Arbuckle to third
|
|
Batting: RHB Josh Kalman
|
0-0: Ball 1-0: Called Strike 1-1: Ball 2-1: Foul Ball, location: 2F 2-2: Ball 3-2: Base on Balls
|
|
Batting: RHB Efrain Vargas
|
0-0: Ball 1-0: Called Strike 1-1: Ball 2-1: Called Strike 2-2: Foul Ball, location: 2F 2-2: Ball 3-2: Foul Ball, location: 2F 3-2: 3-RUN HOME RUN (Flyball, 7LD, EV 95.6 MPH), Distance : 381 ft
|
|
Batting: LHB Kevin Norton
|
0-0: Ball 1-0: Ball 2-0: SOLO HOME RUN (Flyball, 78XD, EV 98.8 MPH), Distance : 376 ft
|
|
Batting: RHB Xavier Davis
|
0-0: Ball 1-0: Called Strike 1-1: Foul Ball, location: 2F 1-2: Foul Ball, location: 2F 1-2: Ball 2-2: Ground out 6-3 (Groundball, 6, EV 80.6 MPH)
|
| Bottom of the 5th over - 4 runs, 4 hits, 0 errors, 0 left on base; Miami 0 - Chicago 4 |
| TOP OF THE 6TH |
|
Miami Marlins batting - Pitching for Chicago Cubs : RHP Ryohei Uda
|
|
Batting: RHB Zhi-bin Ou-yang
|
0-0: Ball 1-0: Foul Ball, location: 2F 1-1: Called Strike 1-2: Strikes out looking
|
|
Batting: RHB Alberto Cotto
|
0-0: Swinging Strike 0-1: Ball 1-1: Ground out 4-3 (Groundball, 4, EV 84.4 MPH)
|
|
Batting: RHB Roger Salazar
|
0-0: Ball 1-0: Foul Ball, location: 2F 1-1: Ball 2-1: Ball 3-1: Called Strike 3-2: SINGLE (Line Drive, 8LS, EV 88.1 MPH)
|
|
Batting: RHB Bert Clark
|
0-0: Called Strike Roger Salazar steals 2nd base 0-1: Ball 1-1: Ball 2-1: Foul Ball, location: 2F 2-2: Ball 3-2: Strikes out swinging
|
| Top of the 6th over - 0 runs, 1 hit, 0 errors, 1 left on base; Miami 0 - Chicago 4 |
| BOTTOM OF THE 6TH |
|
Chicago Cubs batting - Pitching for Miami Marlins : RHP Oscar Banda
|
|
Batting: RHB Alan Oxenrider
|
0-0: Ball 1-0: Ball 2-0: Foul Ball, location: 2F 2-1: Foul Ball, location: 2F 2-2: Reached on error, E6 (Groundball, 6, EV 107.5 MPH)
|
|
Batting: RHB Steve Bartman Jr.
|
0-0: SINGLE (Groundball, 56S, EV 65.0 MPH) (infield hit) Alan Oxenrider to second
|
|
Batting: SHB Moe Lester
|
0-0: Ball 1-0: Swinging Strike 1-1: Ball 2-1: Fielders Choice at 2nd, 4-6 (Groundball, 4, EV 76.9 MPH) Alan Oxenrider to third
|
|
Batting: LHB Andy Arbuckle
|
0-0: Ball 1-0: Fielders Choice at 2nd, 3-6 (Groundball, 3, EV 83.1 MPH) Alan Oxenrider scores
|
|
Batting: RHB David Casas
|
0-0: Called Strike 0-1: Ball 1-1: Fly out, F3 (Popup, 23, EV 90.0 MPH)
|
| Bottom of the 6th over - 1 run, 1 hit, 1 error, 1 left on base; Miami 0 - Chicago 5 |
| TOP OF THE 7TH |
|
Miami Marlins batting - Pitching for Chicago Cubs : RHP Ryohei Uda
|
|
Batting: LHB Andre Gorter
|
0-0: Ball 1-0: Ground out 2-3 (Groundball, 13S, EV 65.6 MPH)
|
|
Batting: LHB Jose Bregaro
|
0-0: Ball 1-0: Called Strike 1-1: SOLO HOME RUN (Flyball, 78XD, EV 98.1 MPH), Distance : 399 ft
|
|
Batting: RHB Tony Stedman
|
0-0: Ball 1-0: Ball 2-0: Ball 3-0: Base on Balls
|
|
Batting: RHB Mike Gar
|
0-0: Foul Ball, location: 2F 0-1: Fielders Choice at 2nd, 4-6 (Groundball, 4, EV 86.9 MPH)
|
|
Batting: RHB Steve Barnard
|
0-0: Ball 1-0: 2-RUN HOME RUN (Flyball, 8RXD, EV 108.8 MPH), Distance : 413 ft
|
|
Batting: RHB Zhi-bin Ou-yang
|
0-0: Called Strike 0-1: Ball 1-1: Ball 2-1: Fly out, F4 (Popup, 4MD, EV 48.8 MPH)
|
| Top of the 7th over - 3 runs, 2 hits, 0 errors, 0 left on base; Miami 3 - Chicago 5 |
| BOTTOM OF THE 7TH |
|
Chicago Cubs batting - Pitching for Miami Marlins : RHP Oscar Banda
|
|
Pitching: RHP Chris Funderburg
|
|
|
Batting: RHB Josh Kalman
|
0-0: Ball 1-0: Swinging Strike 1-1: Foul Ball, location: 2F 1-2: Ball 2-2: Ball 3-2: Strikes out looking
|
|
Batting: RHB Efrain Vargas
|
0-0: Ball 1-0: Foul Ball, location: 2F 1-1: Ball 2-1: Ball 3-1: Called Strike 3-2: Fly out, F9 (Flyball, 89M, EV 98.1 MPH)
|
|
Batting: LHB Kevin Norton
|
0-0: Foul Ball, location: 2F 0-1: Fly out, F3 (Popup, 3L, EV 63.1 MPH)
|
| Bottom of the 7th over - 0 runs, 0 hits, 0 errors, 0 left on base; Miami 3 - Chicago 5 |
| TOP OF THE 8TH |
|
Miami Marlins batting - Pitching for Chicago Cubs : RHP Ryohei Uda
|
|
Batting: RHB Alberto Cotto
|
0-0: Swinging Strike 0-1: Fly out, F8 (Flyball, 8RD, EV 91.9 MPH)
|
|
Pitching: RHP Eric Oakes
|
|
|
Batting: RHB Roger Salazar
|
0-0: Called Strike 0-1: Foul Ball, location: 2F 0-2: Strikes out looking
|
|
Batting: RHB Bert Clark
|
0-0: Called Strike 0-1: Ball 1-1: Ball 2-1: Foul Ball, location: 2F 2-2: Ball 3-2: SINGLE (Line Drive, 9S, EV 105.0 MPH)
|
|
Batting: LHB Andre Gorter
|
0-0: Ball 1-0: Called Strike 1-1: Called Strike 1-2: Foul Ball, location: 2F 1-2: Strikes out swinging
|
| Top of the 8th over - 0 runs, 1 hit, 0 errors, 1 left on base; Miami 3 - Chicago 5 |
| BOTTOM OF THE 8TH |
|
Chicago Cubs batting - Pitching for Miami Marlins : RHP Chris Funderburg
|
|
Batting: RHB Xavier Davis
|
0-0: Foul Ball, location: 2F 0-1: Called Strike 0-2: Ground out 6-3 (Groundball, 6, EV 82.5 MPH)
|
|
Batting: RHB Alan Oxenrider
|
0-0: Ball 1-0: Ball 2-0: Ball 3-0: Base on Balls
|
|
Batting: RHB Steve Bartman Jr.
|
0-0: Ball 1-0: Ball 2-0: Swinging Strike 2-1: Grounds into double play, 6-4-3 (Groundball, 6, EV 83.1 MPH)
|
| Bottom of the 8th over - 0 runs, 0 hits, 0 errors, 0 left on base; Miami 3 - Chicago 5 |
| TOP OF THE 9TH |
|
Miami Marlins batting - Pitching for Chicago Cubs : RHP Eric Oakes
|
|
Pitching: LHP George Poirier
|
|
|
Batting: LHB Jose Bregaro
|
0-0: Ball 1-0: Ball 2-0: SINGLE (Line Drive, 89S, EV 100.0 MPH)
|
|
Batting: RHB Tony Stedman
|
0-0: Ball 1-0: Fly out, F9 (Flyball, 9S, EV 82.5 MPH)
|
|
Batting: RHB Mike Gar
|
0-0: Ball 1-0: Foul Ball, location: 2F 1-1: Ball 2-1: Ball 3-1: Swinging Strike 3-2: Strikes out swinging
|
|
Batting: RHB Steve Barnard
|
0-0: Ball 1-0: Swinging Strike 1-1: Ball 2-1: Swinging Strike 2-2: Strikes out swinging
|
| Top of the 9th over - 0 runs, 1 hit, 0 errors, 1 left on base; Miami 3 - Chicago 5 |
|